 Dungeon Crawl Stone Soup version 0.26-a0-1213-gd52f5182fe (webtiles) character file.

Game seed: 11152183913457299543

0 Gargoyl the Skirmisher (level 1, -6/23 HPs)
             Began as a Gnoll Abyssal Knight on Dec 30, 2020.
             Was a Follower of Lugonu.
             Mangled by a fire elemental (14 damage)
             ... on level 1 of the Abyss.
             The game lasted 00:00:41 (182 turns).

Gargoyl the Skirmisher (Gnoll Abyssal Knight)        Turns: 182, Time: 00:00:41

Health: -6/23      AC:  3    Str: 14    XL:     1   Next: 0%
Magic:  3/3        EV: 12    Int: 14    God:    Lugonu [*.....]
Gold:   11         SH:  0    Dex: 14    Spells: 0/0 levels left

rFire    . . .     SeeInvis .   a - +1 hand axe
rCold    . . .     Faith    .   (no shield)
rNeg     . . .     Spirit   .   b - +0 leather armour
rPois    .         Reflect  .   (no helmet)
rElec    .         Harm     .   (no cloak)
rCorr    .         Rampage  .   (no gloves)
Will     .....                  (no boots)
Stlth    +.........             (no amulet)
HPRegen  0.07/turn              (no ring)
MPRegen  0.08/turn              (no ring)

@: glowing
A: distributed training, fangs 1, strong nose
a: Renounce Religion, Depart the Abyss


You were on level 1 of the Abyss.
You worshipped Lugonu.
Lugonu was aware of your devotion.
You visited 0 branches of the dungeon, and saw 0 of its levels.
You visited the Abyss 1 time.

You collected 11 gold pieces.

Inventory:

Hand Weapons
 a - a +1 hand axe (weapon)
Armour
 b - a +0 leather armour (worn)


   Skills:
 + Level 6.4 Fighting
 + Level 0.0 Short Blades
 + Level 0.0 Long Blades
 + Level 4.4 Axes
 + Level 0.0 Maces & Flails
 + Level 0.0 Polearms
 + Level 0.0 Staves
 + Level 0.0 Slings
 + Level 0.0 Bows
 + Level 0.0 Crossbows
 + Level 0.0 Throwing
 + Level 4.4 Armour
 + Level 2.3 Dodging
 + Level 0.0 Stealth
 + Level 0.0 Shields
 + Level 0.0 Unarmed Combat
 + Level 0.0 Spellcasting
 + Level 0.0 Conjurations
 + Level 0.0 Hexes
 + Level 0.0 Summonings
 + Level 0.0 Necromancy
 + Level 0.0 Translocations
 + Level 0.0 Transmutations
 + Level 0.0 Fire Magic
 + Level 0.0 Ice Magic
 + Level 0.0 Air Magic
 + Level 0.0 Earth Magic
 + Level 0.0 Poison Magic
 + Level 4.4 Invocations
 + Level 0.0 Evocations


You couldn't memorise any spells.
You didn't know any spells.
Your spell library was empty.

Dungeon Overview and Level Annotations

Branches:
Dungeon (0/15)

Altars:


Innate Abilities, Weirdness & Mutations

Your experience applies equally to all skills.
You have very sharp teeth.
Your uncanny sense of smell can sniff out nearby items.


Message History

You barely miss the fire elemental. The ophan turns its gaze towards you.
You bite the fire elemental, but do no damage.
A catoblepas zombie comes into view.
The fire elemental hits you. The fire elemental burns you!
You hit the fire elemental.
The fire elemental is lightly damaged.
The fire elemental barely misses you.
A tentacle flies out from the starspawn's body!
The catoblepas zombie is engulfed in blazing flames.
The fire elemental barely misses you.
A starspawn tentacle comes into view.
The catoblepas zombie is engulfed in blazing flames.
The catoblepas zombie is engulfed in blazing flames.
The starspawn tentacle grabs you. The starspawn tentacle constricts you.
Unknown command.
You escape the starspawn tentacle's grasp.
The fire elemental hits you. The fire elemental burns you!
Ouch! That really hurt!
You die...

....... .......
....... .# ...Z...
..# ....... #####
#...# .....G.##...##
.. #...#...Λ.# #..#
. #°Z../.\#### #..#.
.......#☼w@..\.##...
..
.......##E.X##>...#
# # #......
####──####.## .
#...... #### ##. .
#...... . # ...#
.###... ........ .
.#.. ...#. ... ..
.###...# .#.# ##.##


You could see an ophan, a tentacled starspawn, a fire elemental, a starspawn
tentacle and a catoblepas zombie.

Vanquished Creatures (others)
  3 starspawn tentacles (Abyss:1)
3 creatures vanquished.

Notes
Turn   | Place    | Note
-------+----------+-------------------------------------------
     0 | Abyss:1  | Gargoyl the Gnoll Abyssal Knight began the quest for the
                  | Orb.
     0 | Abyss:1  | Reached XP level 1. HP: 23/23 MP: 3/3
    15 | Abyss:1  | Found a corrupted altar of Lugonu.
    94 | Abyss:1  | Found a corrupted altar of Lugonu.
   102 | Abyss:1  | Noticed a tentacled starspawn
   102 | Abyss:1  | Noticed a small abomination
   142 | Abyss:1  | Noticed a tentacled starspawn
   176 | Abyss:1  | Noticed a fire elemental
   177 | Abyss:1  | Noticed a dire elephant zombie
   177 | Abyss:1  | Noticed an ophan
   178 | Abyss:1  | Noticed a catoblepas zombie
   182 | Abyss:1  | Mangled by a fire elemental

Illustrated notes

Levels and vault maps discovered:
Abyss:1:  base: Temple, base: Temple, hangedman_eye_storm,
          hangedman_abyss_shoalhut

Action                   || total
-------------------------++-------
Melee: Hand axe          ||     2
       Bite              ||     1
  Use: Potion            ||     2
       Scroll            ||     1
Armor: Leather armour    ||     1
Dodge: Dodged            ||     2

Table legend: (Time is in decaauts)
 A = Elapsed time spent in this place.
 B = Non-inter-level travel time spent in this place.
 C = Inter-level travel time spent in this place.
 D = Time resting spent in this place.
 E = Time spent auto-exploring this place.
 F = Levels seen in this place.
 G = Mean time per level.
                   A        B        C        D        E       F      G
               +--------+--------+--------+--------+--------+-----+--------+
         Total |    190 |    190 |      0 |      0 |     85 |   1 |  190.0 |
         Abyss |    190 |    190 |      0 |      0 |     85 |   1 |  190.0 |
               +--------+--------+--------+--------+--------+-----+--------+

Top non-repeatable levels by time:
 Abyss:1: 190 daAuts
